 Dungeon Crawl Stone Soup version 0.30-a0-310-g7d6cbdfea6 (webtiles) character file.

Game seed: 11330403771262839500

1514 billz999 the Magician (level 8, -5/46 HPs)
             Began as an Octopode Earth Elementalist on Oct 24, 2022.
             Was an Initiate of Gozag.
             Shot with an arrow by a centaur (12 damage)
             ... on level 6 of the Dungeon.
             The game lasted 00:10:46 (6441 turns).

billz999 the Magician (Octopode Earth Elementalist) Turns: 6441, Time: 00:10:47

Health: -5/46      AC:  1    Str: 13    XL:     8   Next: 83%
Magic:  0/17       EV: 13    Int: 19    God:    Gozag
Gold:   195        SH:  0    Dex: 13    Spells: 12/20 levels left

rFire   . . .      SeeInvis .    c - +0 dagger
rCold   . . .      Faith    .    (no shield)
rNeg    . . .      Spirit   +    (helmet restricted)
rPois   .          Reflect  .    B - amulet of guardian spirit
rElec   .          Harm     .    b - +6 ring of strength
rCorr   .          Rampage  .    (no ring)
Will    .....                    (no ring)
Stlth   +++.......               (no ring)
HPRegen 0.27/turn                (no ring)
MPRegen 0.15/turn                (no ring)
                                 (no ring)
                                 (no ring)

@: no status effects
A: almost no armour, amphibious, 8 rings, camouflage 1, gelatinous body 1,
(nimble swimmer 1), tentacles
a: Renounce Religion, Potion Petition, Call Merchant, Bribe Branch


You were on level 6 of the Dungeon.
You worshipped Gozag.
Gozag was aware of your devotion.
You visited 1 branch of the dungeon, and saw 6 of its levels.

You collected 290 gold pieces.
You paid 95 gold pieces to Gozag.

Inventory:

Hand Weapons
 c - a +0 dagger (weapon)
Missiles
 k - 3 curare-tipped darts
 n - 6 poisoned darts (quivered)
Armour
 d - a +0 pair of gloves
 h - a +0 buckler
Jewellery
 b - a +6 ring of strength (left tentacle)
 y - an amulet of faith
 B - an amulet of guardian spirit (around mantle)
Wands
 j - a wand of iceblast (10)
Scrolls
 g - 4 scrolls of teleportation
 l - 2 scrolls of poison
 o - a scroll of fear {unknown}
 p - a scroll of fog {unknown}
 r - a scroll of amnesia {unknown}
 s - a scroll of enchant armour {unknown}
 u - 5 scrolls of vulnerability {unknown}
 v - 2 scrolls of noise {unknown}
 z - a scroll of immolation {unknown}
Potions
 a - a potion of magic
 e - 2 potions of brilliance
 f - 2 potions of lignification
 i - a potion of haste {unknown}
 m - 3 potions of ambrosia
 q - a potion of might {unknown}
 t - 2 potions of curing
 w - a potion of flight {unknown}
 x - a potion of heal wounds {unknown}
 A - a potion of attraction {unknown}


   Skills:
 - Level 2.0 Dodging
 - Level 3.8 Stealth
 * Level 6.5 Spellcasting
 - Level 3.0 Conjurations
 + Level 5.6 Transmutations
 + Level 5.5 Earth Magic


You had 12 spell levels left.
You knew the following spells:

 Your Spells              Type           Power      Damage    Failure   Level
a - Sandblast             Erth           54%        2d13      1%          1
b - Stone Arrow           Conj/Erth      44%        3d9       5%          3
c - Petrify               Tmut/Erth      27%        N/A       11%         4

Your spell library contained the following spells:

 Spells                   Type           Power      Damage    Failure   Level
 Passwall                 Tmut/Erth      22%        N/A       1%          2
 Magic Dart               Conj           68%        1d6       3%          1
 Momentum Strike          Conj/Tloc      22%        3d8       9%          2
 Blink                    Tloc           12%        N/A       16%         2
 Call Imp                 Summ           6%         N/A       16%         2
 Mephitic Cloud           Conj/Pois/Air  9%         N/A       22%         3
 Lee's Rapid Deconstruct  Erth           13%        3d9*      30%         5
 Frozen Ramparts          Ice            12%        1d2       32%         3
 Kindle Blastsparks       Fire/Tloc/Air  12%        2d11      32%         3
 Lesser Beckoning         Tloc           12%        N/A       32%         3
 Ice Form                 Ice/Tmut       16%        N/A       32%         4
 Fulminant Prism          Conj/Hex       5%         3d7       50%         4
 Iskenderun's Mystic Bla  Conj/Tloc      11%        2d4       50%         4
 Summon Ice Beast         Ice/Summ       6%         N/A       71%         4


Dungeon Overview and Level Annotations

Branches:
Dungeon (6/15)
 Temple: D:4-7

Altars:
Gozag
Nemelex Xobeh

Annotations:
D:5 1 runed translucent door, Crazy Yiuf


Innate Abilities, Weirdness & Mutations

You cannot wear most types of armour.
You are amphibious.
You can wear up to eight rings at the same time.
Your skin changes colour to match your surroundings (Stealth+).
Your rubbery body absorbs attacks. (AC +1, EV +1)
((You are camouflaged when in or above water. (Stealth+)))
You have tentacles for arms and can constrict up to eight enemies at once.


Message History

You kill the giant cockroach!
No target in view!
A centaur comes into view.
A centaur is nearby!
A centaur is nearby!
The centaur shouts!
The centaur wields a +0 shortbow.
The centaur shoots an arrow.
The arrow hits you!
The centaur shoots an arrow.
The arrow hits you!
The centaur shoots an arrow.
The arrow hits you!
You see here a +0 flail.
Casting: Sandblast (safe; 1% risk of failure)
Confirm with . or Enter, or press ? or * to list all spells.
You can't see any susceptible monsters within range! (Use Z to cast anyway.) Unknown command.
It was a potion of curing.
You feel better.
The centaur shoots an arrow.
The arrow closely misses you.
The centaur shoots an arrow.
The arrow closely misses you.
The centaur shoots an arrow.
The arrow hits you.
Casting: Sandblast (safe; 1% risk of failure)
Confirm with . or Enter, or press ? or * to list all spells.
Aiming: Stone Arrow (dangerous; 5% risk of failure)
Press: ? - help, Shift-Dir - straight line, f - centaur
Aim: a centaur, wielding a +0 shortbow (83% to hit)
The stone arrow hits the centaur!
The centaur is heavily wounded.
The centaur shoots an arrow.
The arrow hits you!
Casting: Stone Arrow (dangerous; 5% risk of failure)
Confirm with . or Enter, or press ? or * to list all spells.
Aiming: Sandblast (safe; 1% risk of failure)
Press: ? - help, Shift-Dir - straight line, f/p - centaur
Aim: a centaur, wielding a +0 shortbow (heavily wounded, 90% to hit)
The blast of sand hits the centaur!
The centaur is almost dead.
The centaur shoots an arrow.
The arrow hits you!
* * * LOW HITPOINT WARNING * * *
The centaur shoots an arrow.
The arrow barely misses you.
The centaur shoots an arrow.
The arrow hits you!
You die...
Your body crumbles into a pile of gold.

####### ##### #...c.#
#...#########
#.....###.....(.....#
#.......<......####.#
#.....####.###......#
#...@.####.########..
####)..##......<.....
#~~~##..########.#
#~~$##..## ##.#
#~~~##.#.## #...
####~~~#.###.#####...
#..#~.~##.#..........
#.##~~~##...#######.#
#.##~~~#....# #.#


You could see a centaur.

Vanquished Creatures
  Sigmund (D:3)
  A water moccasin (D:6)
  A sky beast (D:6)
  A black bear (D:6)
  4 ogres
  A centaur (D:6)
  A phantom (D:6)
  2 scorpions
  A jelly (D:6)
  A hound (D:6)
  3 orc priests
  An iguana (D:4)
  3 orc wizards
  3 gnolls (D:4)
  6 adders
  A white imp (D:6)
  An ufetubus (D:5)
  2 worms
  3 dart slugs
  11 orcs
  8 ball pythons
  6 bats
  11 endoplasms
  4 giant cockroaches
  6 goblins
  12 hobgoblins
  6 jackals
  8 kobolds
  6 quokkas
  A frilled lizard (D:3)
  6 rats
122 creatures vanquished.

Notes
Turn   | Place    | Note
-------+----------+-------------------------------------------
     0 | D:1      | billz999 the Octopode Earth Elementalist began the quest
                  | for the Orb.
     0 | D:1      | Reached XP level 1. HP: 11/11 MP: 3/3
    87 | D:1      | Reached XP level 2. HP: 11/17 MP: 0/5
   411 | D:1      | Reached XP level 3. HP: 19/21 MP: 2/6
  1020 | D:2      | Learned a level 3 spell: Stone Arrow
  1177 | D:2      | Reached XP level 4. HP: 27/27 MP: 7/7
  1317 | D:2      | Reached skill level 1 in Conjurations
  2390 | D:3      | Noticed Sigmund
  2393 | D:3      | Killed Sigmund
  2394 | D:3      | Reached XP level 5. HP: 31/31 MP: 7/9
  2394 | D:3      | Reached XP level 6. HP: 36/36 MP: 7/10
  2741 | D:3      | Reached skill level 3 in Spellcasting
  3158 | D:4      | Reached XP level 7. HP: 5/41 MP: 5/12
  3426 | D:4      | Reached skill level 4 in Spellcasting
  4185 | D:5      | Entered Level 5 of the Dungeon
  4482 | D:5      | Reached skill level 5 in Spellcasting
  4482 | D:5      | Reached XP level 8. HP: 46/46 MP: 5/15
  4555 | D:5      | Learned a level 4 spell: Petrify
  4767 | D:5      | Found a runed translucent door.
  4767 | D:5      | Noticed Crazy Yiuf
  5585 | D:6      | Reached skill level 5 in Transmutations
  5585 | D:6      | Reached skill level 5 in Earth Magic
  5726 | D:6      | Found a sparkling altar of Nemelex Xobeh.
  5726 | D:6      | Found an opulent altar of Gozag.
  5735 | D:6      | Became a worshipper of Gozag Ym Sagoz the Greedy
  5957 | D:6      | Reached skill level 6 in Spellcasting
  6441 | D:6      | Shot with an arrow by a centaur

Illustrated notes

Levels and vault maps discovered:
D:1:      dpeg_arrival_line_fractal, layout_rooms
D:2:      layout_basic, grunt_ministairs_1
D:3:      layout_basic, kennysheep_generic_room_9, uniq_sigmund
D:4:      layout_loops_ring, minmay_three_crescents
D:5:      layout_basic, uniq_crazy_yiuf_cottage
D:6:      layout_loops_ring, grunt_temple_overflow_opulence,
          portal_sewer_entry_f

Skill      XL: |  1  2  3  4  5  6  7  8 |
---------------+-------------------------+-----
Stealth        | 3 |  3.8
Transmutations | 2 3 4 5 |  5.6
Conjurations   | 3 |  3.0
Spellcasting   | 3 5 6 |  6.5
Earth Magic    | 4 5 |  5.5
Dodging        | |  2.0

Action                   |  1- 3 |  4- 6 |  7- 9 || total
-------------------------+-------+-------+-------++-------
Melee: Unarmed           |    29 |    10 |       ||    39
       Constrict         |    10 |     8 |       ||    18
       Tentacles         |    11 |     5 |       ||    16
       Punch             |     1 |       |       ||     1
       Dagger            |       |     5 |     1 ||     6
Throw: Dart              |       |     2 |       ||     2
 Cast: Sandblast         |    37 |    53 |    47 ||   137
       Stone Arrow       |       |     1 |    31 ||    32
Evoke: Wand              |       |     4 |       ||     4
  Use: Scroll            |       |       |     5 ||     5
       Potion            |       |       |     1 ||     1
 Stab: Sleeping          |     8 |     3 |     1 ||    12
Armor: Skin              |     6 |     3 |       ||     9
Dodge: Dodged            |    30 |    29 |    16 ||    75

Table legend: (Time is in decaauts)
 A = Elapsed time spent in this place.
 B = Non-inter-level travel time spent in this place.
 C = Inter-level travel time spent in this place.
 D = Time resting spent in this place.
 E = Time spent auto-exploring this place.
 F = Levels seen in this place.
 G = Mean time per level.
                   A        B        C        D        E       F      G
               +--------+--------+--------+--------+--------+-----+--------+
         Total |   6512 |   6202 |    310 |    499 |   4980 |   6 | 1085.3 |
       Dungeon |   6512 |   6202 |    310 |    499 |   4980 |   6 | 1085.3 |
               +--------+--------+--------+--------+--------+-----+--------+

Top non-repeatable levels by time:
     D:3: 1478 daAuts
     D:5: 1334 daAuts
     D:4: 995 daAuts
     D:6: 939 daAuts
     D:2: 911 daAuts
     D:1: 852 daAuts
